 Dungeon Crawl Stone Soup version 0.31-a0-18-gea43df2a32 (webtiles) character file.

Game seed: 13351438978562912642

1228 senseless the Trooper (level 8, -10/62 HPs)
             Began as a Demonspawn Fighter on May 9, 2023.
             Was a Priest of Dithmenos.
             Mangled by a two-headed ogre
             ... wielding a +0 giant club
              (21 damage)
             ... on level 6 of the Dungeon.
             The game lasted 00:16:55 (5915 turns).

senseless the Trooper (Demonspawn Fighter)          Turns: 5915, Time: 00:16:57

Health: -10/62     AC: 15    Str: 19    XL:     8   Next: 23%
Magic:  8/8        EV:  7    Int: 10    God:    Dithmenos [***...]
Gold:   339        SH:  9    Dex: 12    Spells: 7/7 levels left

rFire   . . .        x - +2 whip (elec)
rCold   . . .        c - +0 buckler
rNeg    + . .        k - +0 chain mail
rPois   .            i - +0 helmet
rElec   .            q - +0 cloak
rCorr   .            (no gloves)
SInv    .            v - +0 pair of boots
Will    .....        (no amulet) Stlth
                     n - ring of positive energy
HPRegen 0.30/turn    o - ring of flight
MPRegen 0.11/turn

%: no passive effects
@: flying, wreathed by umbra
A: hooves 2, molten scales 1, condensation shield
a: Renounce Religion, Shadow Step


You were on level 6 of the Dungeon.
You worshipped Dithmenos.
Dithmenos was most pleased with you.
You visited 1 branch of the dungeon, and saw 6 of its levels.
You also visited: Sewer.

You collected 339 gold pieces.

Inventory:

Hand Weapons
 j - a +1 short sword of speed
 w - the +1 arbalest of Equivalence {freeze, rElec rPois Will-}
   (You found it on level 6 of the Dungeon)

   rElec:     It insulates you from electricity.
   rPois:     It protects you from poison.
   Will:      It decreases your willpower.
 x - a +2 whip of electrocution (weapon)
Missiles
 g - 9 poisoned darts (quivered)
Armour
 c - a +0 buckler (worn)
 i - a +0 helmet (worn)
 k - a +0 chain mail (worn)
 q - a +0 cloak (worn)
 s - the +4 robe of Augmentation {Str+4 Int+4 Dex+4}
   (You took it off a gnoll on level 3 of the Dungeon)

   Str:       It affects your strength (+4).
   Int:       It affects your intelligence (+4).
   Dex:       It affects your dexterity (+4).
 v - a +0 pair of boots (worn)
Jewellery
 n - a ring of positive energy (left hand)
 o - a ring of flight (right hand)
 y - a +6 ring of intelligence
Wands
 a - a wand of paralysis (7)
 z - a wand of mindburst (8)
Scrolls
 f - 2 scrolls of fear
 h - 2 scrolls of blinking
 u - 2 scrolls of teleportation
Potions
 b - 2 potions of invisibility
 d - a potion of might
 e - a potion of heal wounds
 l - 2 potions of curing
 m - 4 potions of haste
 p - 2 potions of berserk rage
 r - a potion of attraction {unknown}
 t - 2 potions of magic


   Skills:
 + Level 5.3 Fighting
 + Level 4.4 Maces & Flails
 + Level 4.9 Armour
 + Level 3.8 Stealth
 + Level 4.8 Shields


You had 7 spell levels left.
You didn't know any spells.
Your spell library contained the following spells:

 Spells                   Type           Power      Damage    Failure   Level
 Cigotuvi's Dreadful Rot  Necr/Pois/Air  0%         N/A       99%         2
 Gell's Gravitas          Tloc           0%         N/A       100%        3
 Teleport Other           Tloc           0%         N/A       100%        3
 Dispel Undead            Necr           0%         3d6       100%        4
 Death Channel            Necr           0%         N/A       100%        6
 Dispersal                Tloc           0%         N/A       100%        6


Dungeon Overview and Level Annotations

Branches:
Dungeon (6/15)              Sewer (visited)
 Temple: D:4-7

Altars:
Cheibriados
Dithmenos
Kikubaaqudgha

Shops:
D:1 (


Innate Abilities, Weirdness & Mutations

You have hoof-like feet.
You are partially covered in molten scales. (AC +2)
A meltable shield of frost defends you. (SH +4)


Message History

The orc shouts!
An orc comes into view. It is wielding a +0 trident.
The orc shouts!
The orc cheers loudly, as Orcs often do.
The orc moves out of view.
The orc hits you but does no damage.
You hit the orc.
The orc is heavily wounded.
The orc barely misses you.
You hit the orc.
You kill the orc!
Dithmenos accepts your kill. The orc closely misses you.
You see here a +0 flail.
You hit the orc.
The orc is severely wounded.
The orc hits you with a +0 trident.
You whack the orc!
You kill the orc!
Dithmenos accepts your kill.
No target in view!
Found a ring mail.
You now have 311 gold pieces (gained 21).
You now have 327 gold pieces (gained 16).
You now have 339 gold pieces (gained 12).
A two-headed ogre comes into view.
It is wielding a +0 giant club and a +0 giant spiked club.
The two-headed ogre shouts in stereo!
The two-headed ogre hits you with a +0 giant club!!
You block the two-headed ogre's attack.
You barely miss the two-headed ogre.
You completely miss the two-headed ogre.
You block the two-headed ogre's attack.
The two-headed ogre hits you with a +0 giant spiked club!
You hit the two-headed ogre.
Lightning courses through the two-headed ogre!
The two-headed ogre is moderately wounded.
The two-headed ogre hits you with a +0 giant club!!
* * * LOW HITPOINT WARNING * * *
The two-headed ogre hits you with a +0 giant spiked club!!
You die...

##.####...≈≈≈≈#...
##.#.###..§§§§§#.##
##.#.#.##....§§§####
##.#.#.#.##.#.§≈≈§≈≈§
##.#.###.#.###..§.§§§§
##.#.##.##.#.##..§..§..
##.#.##.#.##.#.##....#..
##.#.##O#.#.##.#.##...'..
##.#.##.#@# ##.#.##..###
#.#.##.#..## ##.#.##....
##.#.##.#.[## ##.#.#....
##.#.##.#..## ##.#.....
##.#.##..#.## ##......
##.#.##..#.## ##.###.
##.#)##..#.# ##..+.
##)#.#.#.## ##...#.
##.#.#.## #....#.


You could see a two-headed ogre.

Vanquished Creatures
  An ice beast (D:5)
  Pargi (Sewer)
  A black bear (D:5)
  An ogre (D:5)
  A bullfrog (D:6)
  2 scorpions (D:5)
  2 jellies
  An orc priest (D:3)
  A gnoll bouda (D:4)
  3 hounds
  Natasha (D:3)
  5 iguanas
  A sleepcap (D:6)
  An orc wizard (D:4)
  Robin (D:3)
  7 gnolls
  4 adders
  2 river rats (D:3)
  2 worms
  3 dart slugs
  15 orcs
  6 ball pythons
  16 bats
  4 endoplasms
  3 giant cockroaches
  12 goblins
  6 hobgoblins
  9 jackals
  A quokka (D:2)
  3 frilled lizards
  6 kobolds
  6 rats
128 creatures vanquished.

Notes
Turn   | Place    | Note
-------+----------+-------------------------------------------
     0 | D:1      | senseless the Demonspawn Fighter began the quest for the
                  | Orb.
     0 | D:1      | Reached XP level 1. HP: 18/18 MP: 1/1
   167 | D:1      | Found Yxzorel's Antique Weapon Emporium.
   195 | D:1      | Gained mutation: A meltable shield of frost defends you.
                  | (SH +4) [demonic ancestry]
   195 | D:1      | Reached XP level 2. HP: 24/24 MP: 2/2
   376 | D:1      | Found a faded altar of an unknown god.
   438 | D:1      | Prayed at the altar of an unknown god.
   438 | D:1      | Became a worshipper of Dithmenos the Shadowed
   438 | D:1      | Reached * piety under Dithmenos
   841 | D:2      | Found an ancient bone altar of Kikubaaqudgha.
   877 | D:2      | Gained mutation: You are partially covered in molten
                  | scales. (AC +2) [demonic ancestry]
   877 | D:2      | Reached XP level 3. HP: 22/29 MP: 3/3
  1475 | D:3      | Reached XP level 4. HP: 27/35 MP: 4/4
  1477 | D:3      | Reached ** piety under Dithmenos
  1551 | D:3      | Noticed Robin
  1566 | D:3      | Killed Robin
  1599 | D:3      | Reached skill level 1 in Stealth
  2077 | D:3      | Found a glowing drain.
  2088 | Sewer    | Entered a sewer
  2096 | Sewer    | Reached XP level 5. HP: 42/42 MP: 5/5
  2127 | Sewer    | Noticed Pargi
  2141 | Sewer    | Killed Pargi
  2142 | Sewer    | Reached skill level 4 in Fighting
  2367 | D:3      | Noticed Natasha
  2379 | D:3      | Killed Natasha
  2380 | D:3      | Reached XP level 6. HP: 36/48 MP: 6/6
  2797 | D:3      | HP: 2/48 [gnoll/+0 spear (5)]
  3370 | D:4      | Reached *** piety under Dithmenos
  3492 | D:4      | Found a snail-covered altar of Cheibriados.
  4022 | D:5      | Entered Level 5 of the Dungeon
  4090 | D:5      | Noticed an ice beast
  4106 | D:5      | Killed an ice beast
  4107 | D:5      | Gained mutation: You have large cloven feet. [demonic
                  | ancestry]
  4107 | D:5      | Reached XP level 7. HP: 51/55 MP: 7/7
  4897 | D:5      | Reached skill level 5 in Fighting
  5087 | D:5      | Gained mutation: You have hoof-like feet. [demonic
                  | ancestry]
  5087 | D:5      | Reached XP level 8. HP: 44/62 MP: 8/8
  5774 | D:6      | Identified the +1 arbalest of Equivalence {freeze, rElec
                  | rPois Will-}
  5910 | D:6      | Noticed a two-headed ogre
  5915 | D:6      | Mangled by a two-headed ogre

Illustrated notes

Levels and vault maps discovered:
D:1:      mushboom_english_gardens, layout_basic, ebering_ecumenical_altar_mist,
          serial_shops, nicolae_shop_hallway_plus, palyth_stone_intersect,
          chequers_serial_rivers_small_a
D:2:      layout_loops_cross, basic_altar
D:3:      layout_loops_corners, cheibrodos_sewer_entry_sluice, uniq_natasha,
          uniq_robin
D:4:      layout_loops_ring, mainiacjoe_overflow_chevrons
D:5:      layout_loops_corners, due_unseen_surprise
D:6:      minmay_inner_zag, layout_gridville, grunt_decor_junction,
          minmay_manual_mess

Skill      XL: |  1  2  3  4  5  6  7 |
---------------+----------------------+-----
Maces & Flails | 2 3 4 |  4.4
Armour         | 3 4 |  4.9
Shields        | 3 4 |  4.8
Stealth        | 1 2 3 |  3.8
Fighting       | 4 5 |  5.3

Action                     |  1- 3 |  4- 6 |  7- 9 || total
---------------------------+-------+-------+-------++-------
  Melee: Flail             |    98 |   255 |    60 ||   413
         Whip              |       |       |    68 ||    68
         Kick              |       |       |    12 ||    12
    Use: Scroll            |     3 |     5 |     2 ||    10
 Armour: Scale mail        |    28 |       |       ||    28
         Chain mail        |    15 |   208 |    51 ||   274
  Dodge: Dodged            |    40 |   139 |    53 ||   232
  Block: Buckler           |    48 |   190 |    46 ||   284

Table legend: (Time is in decaauts)
 A = Elapsed time spent in this place.
 B = Non-inter-level travel time spent in this place.
 C = Inter-level travel time spent in this place.
 D = Time resting spent in this place.
 E = Time spent auto-exploring this place.
 F = Levels seen in this place.
 G = Mean time per level.
                   A        B        C        D        E       F      G
               +--------+--------+--------+--------+--------+-----+--------+
         Total |   6032 |   5556 |    476 |    277 |   4021 |   7 |  861.7 |
       Dungeon |   5905 |   5429 |    476 |    277 |   3964 |   6 |  984.2 |
         Sewer |    127 |    127 |      0 |      0 |     57 |   1 |  127.0 |
               +--------+--------+--------+--------+--------+-----+--------+

Top non-repeatable levels by time:
     D:3: 1374 daAuts
     D:5: 1329 daAuts
     D:4: 1185 daAuts
     D:1: 837 daAuts
     D:2: 812 daAuts
     D:6: 365 daAuts
   Sewer: 127 daAuts
